 Dungeon Crawl Stone Soup version 0.29.1 (console) character file.

Game seed: 11975075516817478878

33644 om the Protected (level 13, -4/148 HPs)
             Began as a Palentonga Berserker on Sept 9, 2022.
             Was a High Priest of Trog.
             Slain by an orc knight
             ... wielding a +2 war axe of flaming
              (36 damage)
             ... on level 2 of the Orcish Mines on Sept 12, 2022.
             The game lasted 00:53:39 (15910 turns).

om the Protected (Palentonga Berserker)            Turns: 15910, Time: 00:53:39

Health: -4/148     AC: 42    Str: 36      XL:     13   Next: 37%
Magic:  13/13      EV:  6    Int:  3 (5)  God:    Trog [*****.]
Gold:   1234       SH:  5    Dex: 13      Spells: 12/12 levels left

rFire   + . .      SeeInvis +   T - +0 battleaxe (elec)
rCold   + . .      Faith    .   (shield currently unavailable)
rNeg    + . .      Spirit   .   v - +0 crystal plate armour
rPois   .          Reflect  +   a - +1 helmet of Decaying Miracles {Harm Regen+ Int-3 Stlth+}
rElec   +          Harm     +   m - scarf {rC+ rF+}
rCorr   +          Rampage  .   Z - +1 pair of gloves {Str+3}
Will    +....                   i - +6 lightning scales {swift, rElec}
Stlth   ..........              E - amulet of reflection
HPRegen 1.14/turn               o - ring "Wilir" {Wiz rN+ Dex+3}
MPRegen 0.13/turn               y - ring "Coathril" {Will+ rCorr Str+6}

@: berserking, curled up, very quick
A: large, rugged brown scales 3, see invisible, deformed body, roll 1, armoured
tail, reflexive curl
a: Rolling Charge, Renounce Religion, Berserk, Trog's Hand, Brothers in Arms


You were on level 2 of the Orcish Mines.
You worshipped Trog.
Trog was extremely pleased with you.
You visited 2 branches of the dungeon, and saw 15 of its levels.
You also visited: Ossuary and Gauntlet.

You collected 1577 gold pieces.
You spent 343 gold pieces at shops.

Inventory:

Hand Weapons
 F - a +1 sling of freezing
 T - a +0 battleaxe of electrocution (weapon)
 U - a +1 vampiric trident
Armour
 a - the +1 helmet of Decaying Miracles (worn) {Harm Regen+ Int-3 Stlth+}
   (You found it in a Gauntlet)

   Int:       It affects your intelligence (-3).
   Regen:     It increases your rate of health regeneration.
   Harm:      It increases damage dealt and taken.
   Stlth:     It makes you more stealthy.
 i - the +6 lightning scales (worn) {swift, rElec}
   (You acquired it on level 3 of the Dungeon)

   It allows the wearer to cover ground more swiftly.
   rElec:     It insulates you from electricity.
 m - a scarf of resistance (worn)
 v - a +0 crystal plate armour (worn)
 B - a +0 troll leather armour
 S - a +2 buckler of fire resistance
 Y - the +1 troll leather armour "Losam" {+Inv rPois Will- Regen+}
   (You found it in a Gauntlet)

   rPois:     It protects you from poison.
   +Inv:      It lets you turn invisible.
   Regen:     It increases your rate of health regeneration.
   Will:      It decreases your willpower.
 Z - a +1 pair of gloves of strength (worn)
Jewellery
 h - a ring of fire
 n - a ring of protection from cold
 o - the ring "Wilir" (left hand) {Wiz rN+ Dex+3}
   (You found it in a Gauntlet)

   [ring of wizardry]

   It improves your spell success rate.
   Dex:       It affects your dexterity (+3).
   rN:        It protects you from negative energy.
 y - the ring "Coathril" (right hand) {Will+ rCorr Str+6}
   (You found it in a Gauntlet)

   [ring of strength]

   Str:       It affects your strength (+6).
   rCorr:     It protects you from acid and corrosion.
   Will:      It increases your willpower.
 C - a ring of resist corrosion
 E - an amulet of reflection (around neck)
 R - a +4 ring of protection
 V - a ring of protection from fire
 W - a ring of ice
Wands
 g - a wand of flame (18)
 s - a wand of iceblast (16)
 t - a wand of polymorph (1)
 J - a wand of mindburst (8)
 Q - a wand of paralysis (14)
Scrolls
 b - 3 scrolls of vulnerability
 e - 6 scrolls of teleportation
 l - a scroll of identify
 x - 4 scrolls of poison
 A - a scroll of silence
 G - 3 scrolls of blinking
 H - 2 scrolls of enchant armour
 I - a scroll of fog
 K - 2 scrolls of fear
 P - 2 scrolls of brand weapon
Potions
 c - 8 potions of curing
 d - 6 potions of lignification
 j - 3 potions of heal wounds
 k - a potion of haste
 p - a potion of mutation
 q - 2 potions of ambrosia
 r - 5 potions of might
 u - a potion of magic
 w - a potion of invisibility
 z - a potion of resistance
 D - 3 potions of brilliance
 L - a potion of cancellation
 M - a potion of berserk rage
 N - 2 potions of flight
 O - a potion of attraction
Miscellaneous
 f - a piece from Xom's chessboard (15/15)
 X - a box of beasts


   Skills:
 - Level 6.0 Fighting
 + Level 12.3 Axes
 + Level 2.2 Ranged Weapons
 * Level 12.7 Armour
 - Level 10.0 Dodging
 + Level 2.4 Evocations


You had 12 spell levels left.
You didn't know any spells.
Your spell library was empty.

Dungeon Overview and Level Annotations

Branches:
Dungeon (13/15)            Temple (0/1) D:4            Lair (0/5) D:10
    Orc (2/2) D:9          Vaults (0/5) D:13        Ossuary (visited)
Gauntlet (visited)
    Elf: Orc:2

Altars:
Elyvilon
Fedhas
Gozag
Hepliaklqana
Qazlal
Ru
Uskayaw
Vehumet
The Shining One

Shops:
D:1 :   D:8 ?   D:9 (

Annotations:
D:6 4 runed translucent doors


Innate Abilities, Weirdness & Mutations

You are completely covered in rugged brown scales. (AC +3, +7% HP)
You have supernaturally acute eyesight. (SInv)
Armour fits poorly on your strangely shaped body.
You can roll at nearby foes to attack.
You have a long armoured tail.
You curl defensively after being hit. (AC +7*)


Message History

The orc knight roars a battlecry!
The orc warlord goes into a battle-frenzy!
The orc warlord hits you but does no damage.
You slash the orc warlord!
Lightning courses through the orc warlord!
You tail-slap the orc warlord!
The orc warlord is moderately wounded.
You closely miss the orc knight.
The orc knight hits you with a +2 war axe of flaming!!
The orc knight burns you.
The orc warlord hits you with a +0 broad axe!!
* * * LOW HITPOINT WARNING * * *
The orc warlord blocks your attack.
The orc warlord is moderately wounded.
You closely miss the orc knight.
The orc knight hits you but does no damage.
The orc warlord barely misses you.
Unknown command.
You slash the orc warlord!
The orc warlord is heavily wounded.
You hit the orc knight. You barely miss the orc warlord.
The orc warlord blocks your attack.
The orc warlord is heavily wounded.
You hit the orc knight.
The orc knight hits you but does no damage.
The orc warlord hits you but does no damage.
You slash the orc warlord!
Lightning courses through the orc warlord!!
The orc warlord blocks your attack.
The orc warlord is almost dead.
You hit the orc knight but do no damage.
Lightning courses through the orc knight!
The orc knight completely misses you.
The orc warlord hits you with a +0 broad axe.
* * * LOW HITPOINT WARNING * * *
The orc warlord blocks your attack.
You tail-slap the orc warlord!
The orc warlord is almost dead.
You hit the orc knight.
The orc knight hits you with a +2 war axe of flaming!!
You die...

........####### ####
#.).### ........#.....#
#####)....###
.......)#.....#
#.'.'[......#
.......))..⌠..#
#.###)....###
#......)#.....#####.#
#...###
...###..#.....#...#.#
#####
###########'###)..#.#
+......oo.+)_.'.########
##+###'##)#[@.###..≈§≈§##
#.. #.#oo.#.').§§≈≈≈#


#oo #.##'##.#§§§≈≈≈≈≈ #.. #.......#######≈≈ ### ######### You could see an orc
warlord (strong) and an orc knight (strong).

Vanquished Creatures
  An orc warlord (Orc:2)
  A minotaur (Gauntlet)
  A green death (Gauntlet)
  A hydra (D:11)
  A vault guard (D:13)
  A death knight (D:12)
  A centaur warrior (D:13)
  9 two-headed ogres
  2 tengu warriors (D:13)
  An orc high priest (Orc:2)
  2 orc knights (Orc:2)
  An ugly thing (D:13)
  2 cyclopes
  An orc sorcerer (Orc:2)
  Joseph (D:7)
  A guardian serpent (shapeshifter) (D:12)
  2 orange demons (Gauntlet)
  2 gargoyles
  3 unseen horrors
  A kobold demonologist (D:13)
  5 trolls
  A queen bee (Gauntlet)
  A tyrant leech (D:11)
  19 slime creatures
  2 centaur simulacra (D:13)
  A vampire (D:10)
  2 wyverns
  8 yaks
  2 steam dragons
  6 swamp worms
  5 wargs
  Edmund (D:5)
  Duvessa (D:5)
  24 orc warriors
  2 black bears (D:7)
  3 ice beasts
  5 ogres
  5 centaurs
  A phantom (D:4)
  4 kobold brigands
  2 necrophages (D:6)
  A gnoll sergeant (D:9)
  5 scorpions
  2 bullfrogs
  3 wights (D:8)
  Dowan (D:5)
  3 killer bees (Gauntlet)
  10 howler monkeys
  2 electric eels
  Crazy Yiuf (D:5)
  5 hounds
  7 orc priests
  A jelly (D:6)
  A gnoll bouda (D:9)
  4 iguanas
  Natasha (thrice) (D:4)
  18 orc wizards
  8 mummies (Ossuary)
  9 gnolls
  6 adders
  3 white imps
  3 ufetubi
  2 worms
  2 dart slugs (D:2)
  84 orcs
  8 ball pythons
  9 bats
  5 endoplasms
  5 giant cockroaches
  8 goblins
  6 hobgoblins
  8 jackals
  17 kobolds
  6 quokkas
  A frilled lizard (D:1)
  A gnoll zombie (Ossuary)
  3 hobgoblin zombies (Ossuary)
  3 kobold zombies (Ossuary)
  An orc zombie (Ossuary)
  3 rats
403 creatures vanquished.

Vanquished Creatures (collateral kills)
  A two-headed ogre (D:11)
  3 yaks (D:11)
  A howler monkey (D:11)
5 creatures vanquished.

Vanquished Creatures (others)
  8 fungi (D:4)
  4 plants (D:11)
12 creatures vanquished.

Grand Total: 420 creatures vanquished

Notes
Turn   | Place    | Note
-------+----------+-------------------------------------------
     0 | D:1      | om the Palentonga Berserker began the quest for the Orb.
     0 | D:1      | Reached XP level 1. HP: 19/19 MP: 1/1
   121 | D:1      | Reached XP level 2. HP: 22/25 MP: 2/2
   393 | D:1      | Found Nitryde's Book Emporium.
   836 | D:2      | Reached XP level 3. HP: 26/31 MP: 3/3
   896 | D:2      | Reached ** piety under Trog
  1946 | D:3      | Reached XP level 4. HP: 27/37 MP: 4/4
  2208 | D:3      | Identified a scroll of acquirement
  2208 | D:3      | Acquired the +6 lightning scales {swift, rElec}
  2208 | D:3      | Found the +6 lightning scales {swift, rElec}
  2269 | D:3      | Found a faded altar of an unknown god.
  2281 | D:3      | You fall into a shaft and drop 1 floor!
  2822 | D:4      | Found a staircase to the Ecumenical Temple.
  2918 | D:4      | Noticed an ogre
  2927 | D:4      | Killed an ogre
  2928 | D:4      | Reached XP level 5. HP: 44/44 MP: 5/5
  3026 | D:4      | Noticed a phantom
  3034 | D:4      | Killed a phantom
  3035 | D:4      | Reached XP level 6. HP: 51/51 MP: 6/6
  3083 | D:4      | Reached *** piety under Trog
  3093 | D:4      | Reached skill level 5 in Axes
  3196 | D:4      | Found a stormy altar of Qazlal.
  3196 | D:4      | Noticed Natasha
  3213 | D:4      | Killed Natasha
  3548 | D:4      | Found a hazy altar of Hepliaklqana.
  3548 | D:4      | Found a blossoming altar of Fedhas.
  3658 | D:4      | Noticed Natasha
  3666 | D:4      | Killed Natasha
  3668 | D:4      | Noticed Natasha
  3677 | D:4      | Killed Natasha
  3789 | D:5      | Entered Level 5 of the Dungeon
  3805 | D:5      | Noticed Dowan
  3806 | D:5      | Noticed Duvessa
  3847 | D:5      | Killed Dowan
  3848 | D:5      | Gained mutation: You curl defensively after being hit. (AC
                  | +7*) [Palentonga growth]
  3848 | D:5      | Reached XP level 7. HP: 57/57 MP: 7/7
  3914 | D:5      | Killed Duvessa
  4391 | D:5      | Noticed Edmund
  4402 | D:5      | Killed Edmund
  4403 | D:5      | Reached XP level 8. HP: 64/64 MP: 8/8
  4557 | D:5      | Upgraded the game from 0.29.0-13-gc9e81de378 to 0.29.1
  4658 | D:5      | Found a runed translucent door.
  4659 | D:5      | Noticed Crazy Yiuf
  4866 | D:5      | Killed Crazy Yiuf
  5134 | D:6      | Found a large runed translucent door.
  5134 | D:6      | Found a large runed translucent door.
  5137 | D:6      | Noticed a troll
  5321 | D:6      | Found a large runed translucent door.
  5321 | D:6      | Found a large runed translucent door.
  5774 | D:6      | Found a sacrificial altar of Ru.
  5868 | D:6      | Reached skill level 5 in Armour
  5868 | D:6      | Reached skill level 5 in Dodging
  5876 | D:6      | Noticed a troll
  5887 | D:6      | Killed a troll
  5888 | D:6      | Reached XP level 9. HP: 46/69 MP: 9/9
  6143 | D:7      | Found a radiant altar of Vehumet.
  6363 | D:7      | Noticed Joseph
  6388 | D:7      | Killed Joseph
  6630 | D:7      | Reached **** piety under Trog
  7120 | D:8      | Found Gatsec's Magic Scroll Shoppe.
  7148 | D:8      | Found a sand-covered staircase.
  7155 | Ossuary  | Entered an ossuary
  7416 | D:8      | Bought a scroll of enchant armour for 97 gold pieces
  7416 | D:8      | Bought a scroll of blinking for 97 gold pieces
  7416 | D:8      | Bought a scroll of brand weapon for 123 gold pieces
  7416 | D:8      | Bought a scroll of identify for 26 gold pieces
  8189 | D:9      | Noticed a cyclops
  8243 | D:9      | Killed a cyclops
  8244 | D:9      | Reached XP level 10. HP: 78/78 MP: 10/10
  8279 | D:9      | Found a staircase to the Orcish Mines.
  8339 | D:9      | Reached ***** piety under Trog
  8360 | D:9      | Found Xeuptips's Weapon Shop.
  8388 | D:9      | Found a hide-covered altar of Uskayaw.
  8447 | D:9      | Noticed a two-headed ogre
  8461 | D:9      | Killed a two-headed ogre
  8467 | D:9      | Reached skill level 5 in Fighting
  8643 | D:9      | Found a white marble altar of Elyvilon.
  8643 | D:9      | Found a glowing golden altar of the Shining One.
  9251 | D:10     | Entered Level 10 of the Dungeon
  9276 | D:10     | Found an opulent altar of Gozag.
  9314 | D:10     | Noticed a two-headed ogre
  9329 | D:10     | Killed a two-headed ogre
  9765 | D:10     | Noticed a two-headed ogre
  9773 | D:10     | Killed a two-headed ogre
 10172 | D:10     | Reached skill level 10 in Axes
 10172 | D:10     | Reached XP level 11. HP: 61/86 MP: 11/11
 10175 | D:10     | Received a gift from Trog
 10369 | D:10     | Found a staircase to the Lair.
 10544 | D:11     | Noticed a two-headed ogre
 10553 | D:11     | Killed a two-headed ogre
 10560 | D:11     | Noticed a two-headed ogre
 10572 | D:11     | Killed a two-headed ogre
 10769 | D:11     | Found a gate leading to a gauntlet.
 10782 | Gauntlet | Entered a Gauntlet
 10782 | Gauntlet | Found a transporter.
 10782 | Gauntlet | Found a runed translucent gate.
 10782 | Gauntlet | Found a runed translucent gate.
 10782 | Gauntlet | Found a runed translucent gate.
 10793 | Gauntlet | Found a transporter.
 10795 | Gauntlet | Found a transporter.
 10805 | Gauntlet | Found a transporter.
 10808 | Gauntlet | Found a transporter.
 10810 | Gauntlet | Noticed a wolf spider
 10811 | Gauntlet | Noticed an entropy weaver
 10818 | Gauntlet | Found a transporter.
 10834 | Gauntlet | Found a transporter.
 10834 | Gauntlet | Noticed a green death
 10845 | Gauntlet | Found a transporter.
 10848 | Gauntlet | Noticed an orange crystal statue
 10855 | Gauntlet | Found a transporter.
 10856 | Gauntlet | Noticed a cacodemon
 10856 | Gauntlet | Found the ring of Shadows {Umbra +Inv Stlth+}
 10870 | Gauntlet | Found a transporter.
 10880 | Gauntlet | Found a transporter.
 10880 | Gauntlet | Found a transporter.
 10927 | Gauntlet | Found a transporter.
 10942 | Gauntlet | Found a transporter.
 11336 | Gauntlet | Identified the ring "Wilir" {Wiz rN+ Dex+3}
 11400 | Gauntlet | Killed a green death
 11430 | Gauntlet | Identified the ring "Coathril" {Will+ rCorr Str+6}
 11455 | Gauntlet | Found the +7 Spriggan's Knife {stab, EV+4 Stlth+}
 11455 | Gauntlet | Noticed a minotaur
 11576 | Gauntlet | Killed a minotaur
 11588 | Gauntlet | Identified the +1 troll leather armour "Losam" {+Inv rPois
                  | Will- Regen+}
 11608 | Gauntlet | Identified the +1 helmet of Decaying Miracles {Harm Regen+
                  | Int-3 Stlth+}
 12463 | D:12     | Noticed a death knight
 12516 | D:12     | Killed a death knight
 12580 | D:12     | Noticed a five-headed hydra
 12816 | D:12     | Reached XP level 12. HP: 94/94 MP: 12/12
 13575 | D:11     | Killed a five-headed hydra
 13689 | D:13     | Noticed a tengu warrior
 13696 | D:13     | Noticed a tengu warrior
 13851 | D:13     | Killed a tengu warrior
 13855 | D:13     | Killed a tengu warrior
 13897 | D:13     | Reached skill level 10 in Armour
 13897 | D:13     | Reached skill level 10 in Dodging
 14061 | D:13     | Noticed a centaur warrior
 14065 | D:13     | Killed a centaur warrior
 14184 | D:13     | Noticed a two-headed ogre
 14204 | D:13     | Killed a two-headed ogre
 14365 | D:13     | Found a gate to the Vaults.
 14483 | D:13     | Noticed a vault guard
 14491 | D:13     | Killed a vault guard
 14497 | D:13     | Noticed an ice dragon
 14520 | D:13     | Noticed a seven-headed hydra
 14954 | Orc:1    | Entered Level 1 of the Orcish Mines
 14981 | Orc:1    | Reached XP level 13. HP: 99/99 MP: 13/13
 15076 | Orc:2    | Entered Level 2 of the Orcish Mines
 15416 | Orc:2    | Reached skill level 1 in Ranged Weapons
 15416 | Orc:2    | Reached skill level 1 in Evocations
 15619 | Orc:1    | Noticed an orc warlord
 15627 | Orc:2    | Killed an orc warlord
 15668 | Orc:2    | Received a gift from Trog
 15886 | Orc:2    | Noticed an orc warlord
 15910 | Orc:2    | Slain by an orc knight

Illustrated notes

Levels and vault maps discovered:
D:1:      minmay_arrival_shattered_statue, layout_loops_cross, serial_shops,
          shop
D:2:      layout_basic
D:3:      layout_basic, hellmonk_ecumenical_altar_dog_temple
D:4:      dreamdust_elfheim, layout_basic, mainiacjoe_overflow_large_starburst,
          kennysheep_little_box, minmay_temple_entry_mini_moons,
          serial_aquarium, aquarium_bridge_square [aquarium_subvault_bridge,
          aquarium_subvault_window, aquarium_subvault_wall,
          aquarium_subvault_window], aquarium_window_1, aquarium_window_2,
          aquarium_window_corner, aquarium_view_2c, serial_park_tiny_pond,
          uniq_natasha
D:5:      nicolae_cairo_tiling_very_big, layout_basic, uniq_crazy_yiuf_cottage,
          uniq_edmund, uniq_duvessa
D:6:      layout_gridville, mainiacjoe_overflow_alcove_2, minmay_misc_feat_chi,
          minmay_hollow_rounded_squares
D:7:      layout_loops_corners, nicolae_vehumet_radiance,
          kennysheep_generic_room_11, uniq_joseph
D:8:      layout_rooms, nicolae_ossuary_entry_monument, serial_shops,
          shop_statue, minmay_misc_feat_room
D:9:      layout_grid_maze, kennysheep_mini_moat,
          nicolae_overflow_two_pavilions, orc_0_dummy, serial_shops,
          shop_fountains, kennysheep_generic_room_7
D:10:     layout_basic, grunt_gozag_breadcrumbs, lair_entry_dummy,
          nooodl_orcs_dogs
D:11:     layout_layer_cave, gauntlet_entry_generic, worms_lemuel
D:12:     layout_long_grid, special_room [special_room_orc]
D:13:     cheibrodos_shockbox, layout_basic, david_vaults_4,
          lightli_fourway_metalbox
Orc:1:    layout_caves, mines2_lemuel
Orc:2:    pubby_orc_utopia

Skill      XL: |  1  2  3  4  5  6  7  8  9 10 11 12 13 |
---------------+----------------------------------------+-----
Armour         | 2 3 4 5 7 8 9 12 | 12.7
Dodging        | 2 3 4 5 7 8 9 10 | 10.0
Axes           | 4 5 7 8 10 11 12 | 12.3
Fighting       | 4 5 6 |  6.0
Ranged Weapons | 2 |  2.2
Evocations     | 2 |  2.4

Action                   |  1- 3 |  4- 6 |  7- 9 | 10-12 | 13-15 || total
-------------------------+-------+-------+-------+-------+-------++-------
Melee: Hand axe          |   112 |   140 |   157 |       |       ||   409
       Tailslap          |    13 |    11 |    47 |    91 |    23 ||   185
       Punch             |     1 |       |     6 |       |       ||     7
       Unarmed           |       |       |     4 |       |       ||     4
       War axe           |       |       |   198 |   316 |       ||   514
       Battleaxe         |       |       |       |   223 |   149 ||   372
       Trident           |       |       |       |    10 |       ||    10
 Fire: Sling             |       |       |       |     7 |       ||     7
Invok: Berserk           |       |     4 |     5 |    14 |     3 ||    26
       Trog's Hand       |       |       |       |     2 |       ||     2
       Brothers in Arms  |       |       |       |     1 |       ||     1
 Abil: Rolling Charge    |    31 |    15 |       |     1 |       ||    47
Evoke: Wand              |       |       |       |     2 |       ||     2
       Box of beasts     |       |       |       |     1 |       ||     1
  Use: Scroll            |     5 |     3 |     8 |    10 |       ||    26
       Potion            |       |     1 |     1 |     3 |       ||     5
 Stab: Confused          |       |       |     1 |       |       ||     1
       Distracted        |       |       |       |       |     1 ||     1
Armor: Animal skin       |    39 |    24 |       |       |       ||    63
       Ring mail         |       |    57 |   120 |       |       ||   177
       Troll leather arm |       |       |   114 |   312 |    26 ||   452
       Crystal plate arm |       |       |       |       |    80 ||    80
Dodge: Dodged            |    59 |    51 |   142 |   243 |    67 ||   562
Block: Other             |       |       |    33 |    62 |    28 ||   123
       Reflection        |       |       |     1 |     7 |     1 ||     9
       Buckler           |       |       |       |   178 |       ||   178
